AoeStats
← SpinettaX

MegaRandom

509622822Analyzed
2v2 RM · 5d ago on Sep 27, 2026· 30m 37s· 4 players
Game mode
Random Map
Map size
Medium (4 player)
Population
200
Speed
Normal
Resources
Standard
Victory
Conquest
Starting age
Dark Age
Ending age
Imperial Age
RankedLock teamsTeams togetherTeam positionsShared explorationLock speedFull tech treeHidden civsTurbo modeCheats
Victory
Defeat
🇨🇿 Turks · Czechia
703
+14
🇨🇿 Britons · Czechia
641
+16
🇦🇷 Vietnamese · Argentina
659
-15
🇪🇸 Danes · Spain
644
-15
ruidoblanco
10:01 Feudal Age
15:26 Double-Bit Axe
20:06 Castle Age
20:31 Man-at-Arms
20:56 Horse Collar
22:21 Medium Warships
22:40 Forging
22:37 Heavy Plow
24:16 Iron Casting
24:24 Town Watch
25:29 Pikeman
28:39 Light Cavalry
30:03 Wheelbarrow
29:18 Long Swordsman
30:16 Scale Mail Armor
SpinettaX
10:24 Feudal Age
8:39 Loom
10:58 Double-Bit Axe
11:07 Gold Mining
13:17 Fishing Lines
16:52 Wheelbarrow
18:37 Man-at-Arms
19:10 Arson
19:44 Fletching
23:13 Forging
23:04 Padded Archer Armor
23:04 Scale Mail Armor
24:45 Horse Collar
27:29 Town Watch
32:24 Castle Age
_Varhan_
0:53 Loom
11:12 Feudal Age
11:48 Double-Bit Axe
11:46 Horse Collar
17:01 Wheelbarrow
19:07 Man-at-Arms
26:02 Castle Age
24:02 Stone Mining
24:05 Gold Mining
28:05 Heavy Plow
28:31 Bow Saw
Pernik
0:44 Loom
10:42 Feudal Age
11:22 Double-Bit Axe
18:42 Castle Age
18:15 Bloodlines
18:23 Horse Collar
23:06 Husbandry
23:19 Forging
24:05 Fishing Lines
26:33 Iron Casting
26:36 Wheelbarrow
28:02 Gillnets
Connection lost

Rejoining the realm…

Still unreachable

The connection could not be restored.

Session expired

The server has moved on; the page needs a fresh start.